2087 views
Uploaded 2023-04-22 16:24:46
Game version 1.35 (6115)
25:14 long 4on4 ladder game on (8)EkrezemsMaze_S2_v1.1
Saved by DKnight
2087 views
Uploaded 2023-04-22 16:24:46
Game version 1.35 (6115)
25:14 long 4on4 ladder game on (8)EkrezemsMaze_S2_v1.1


157 units @ 23.9k
/ 3.9k
70 buildings @ 11.6k
/ 4.7k


| Lesser Clarity Potion | 6 | 420 |
| Scroll of Speed | 2 | 100 |
| Healing Salve | 1 | 100 |
| Potion of Mana | 1 | 200 |
| Potion of Healing | 2 | 300 |
| Orb of Lightning | 1 | 375 |
| Scroll of Town Portal | 5 | 1750 |
| Scroll of Healing | 1 | 250 |
| Potion of Lesser Invulnerability | 1 | 150 |
| total: | 20 | 3645g |
| Peon | 11 | 825 | / | 0 |
| Troll Headhunter | 10 | 1400 | / | 200 |
| Troll Berserker | 12 | 1680 | / | 240 |
| Shaman | 11 | 1430 | / | 220 |
| total: | 44 | 5335g | / | 660w |
| Altar of Storms | 1 | 180 | / | 50 |
| Orc Burrow | 6 | 960 | / | 240 |
| War Mill | 1 | 205 | / | 0 |
| Barracks | 1 | 180 | / | 50 |
| Voodoo Lounge | 1 | 130 | / | 30 |
| Great Hall | 1 | 385 | / | 185 |
| Spirit Lodge | 1 | 150 | / | 150 |
| Stronghold | 1 | 315 | / | 190 |
| Fortress | 1 | 325 | / | 190 |
| total: | 12 | 2190g | / | 705w |
| 0:01 | Peon |
| 0:08 | Altar of Storms |
| 0:13 | Peon |
| 0:18 | Orc Burrow |
| 0:21 | Peon |
| 0:49 | War Mill |
| 0:52 | Peon |
| 1:07 | Peon |
| 1:10 | Barracks |
| 1:21 | Peon |
| 1:39 | Peon |
| 1:50 | Orc Burrow |
| 1:59 | Peon |
| 2:09 | Feral Spirit |
| 2:13 | Troll Headhunter |
| 2:41 | Troll Headhunter |
| 2:47 | Stronghold |
| 3:01 | Troll Headhunter |
| 3:27 | Troll Headhunter |
| 3:30 | Chain Lighting |
| 3:37 | Voodoo Lounge |
| 3:40 | Orc Burrow |
| 3:51 | Troll Headhunter |
| 4:07 | Steel Ranged Weapons |
| 4:15 | Troll Headhunter |
| 4:26 | Troll Headhunter |
| 5:18 | Troll Regeneration |
| 5:33 | Spirit Lodge |
| 5:35 | Feral Spirit |
| 5:54 | Fortress |
| 6:01 | Lesser Clarity Potion |
| 6:15 | Scroll of Speed |
| 6:18 | Healing Wave |
| 6:24 | Steel Armor |
| 6:45 | Troll Headhunter |
| 6:47 | Shaman Adept Training |
| 7:26 | Troll Headhunter |
| 7:28 | Orc Burrow |
| 8:19 | Berserker Upgrade |
| 8:20 | Shaman Master Training |
| 8:25 | Hex |
| 8:44 | Chain Lighting |
| 8:56 | Troll Headhunter |
| 9:27 | Great Hall |
| 9:29 | Lesser Clarity Potion |
| 9:29 | Lesser Clarity Potion |
| 9:31 | Healing Salve |
| 9:37 | Troll Berserker |
| 9:37 | Shaman |
| 9:53 | Scroll of Town Portal |
| 10:06 | Troll Berserker |
| 11:13 | Troll Berserker |
| 11:13 | Shaman |
| 11:17 | Lesser Clarity Potion |
| 11:27 | Scroll of Town Portal |
| 11:41 | Troll Berserker |
| 11:42 | Shaman |
| 12:03 | Troll Berserker |
| 12:18 | Shaman |
| 12:20 | Reinforced Defenses |
| 12:34 | Troll Berserker |
| 12:46 | Shaman |
| 13:23 | Shaman |
| 13:23 | Troll Berserker |
| 13:49 | Healing Wave |
| 14:23 | Scroll of Town Portal |
| 14:23 | Lesser Clarity Potion |
| 14:34 | Potion of Mana |
| 14:34 | Potion of Healing |
| 14:40 | Shaman |
| 14:40 | Shaman |
| 14:47 | Peon |
| 16:10 | Troll Berserker |
| 16:10 | Troll Berserker |
| 16:10 | Shaman |
| 16:15 | Feral Spirit |
| 16:36 | Orc Burrow |
| 17:44 | Lesser Clarity Potion |
| 17:45 | Scroll of Speed |
| 17:47 | Scroll of Town Portal |
| 17:48 | Potion of Healing |
| 17:49 | Orb of Lightning |
| 17:53 | Troll Berserker |
| 18:19 | Hex |
| 19:16 | Peon |
| 19:16 | Peon |
| 21:07 | Troll Berserker |
| 21:07 | Troll Berserker |
| 21:07 | Shaman |
| 21:08 | Shaman |
| 21:08 | Thorium Ranged Weapons |
| 21:11 | Orc Burrow |
| 21:16 | Scroll of Healing |
| 21:16 | Potion of Lesser Invulnerability |
| 21:18 | Scroll of Town Portal |
| 21:29 | Thorium Armor |
| 22:43 | Earth Quake |
| 23:04 | Healing Wave |
| 23:25 | Arcanite Ranged Weapons |
| Select group | 2118 |
| Right click | 1405 |
| Select | 608 |
| Chat | 197 |
| Misc. action | 175 |
| Build/train/purchase | 134 |
| Use ability | 56 |
| Assign group | 48 |
| Minimap ping | 16 |
| Item give/drop | 1 |


| Healing Salve | 4 | 400 |
| Lesser Clarity Potion | 1 | 70 |
| Orb of Lightning | 1 | 375 |
| Potion of Mana | 2 | 400 |
| Scroll of Town Portal | 2 | 700 |
| Circlet of Nobility | 1 | 175 |
| Potion of Lesser Invulnerability | 1 | 150 |
| total: | 12 | 2270g |
| Peon | 7 | 525 | / | 0 |
| Grunt | 5 | 1000 | / | 0 |
| Tauren | 9 | 2520 | / | 720 |
| Forest Troll Berserker | 1 | 245 | / | 30 |
| total: | 22 | 4290g | / | 750w |
| Watch Tower | 4 | 440 | / | 320 |
| Altar of Storms | 1 | 180 | / | 50 |
| Orc Burrow | 8 | 1280 | / | 320 |
| Barracks | 1 | 180 | / | 50 |
| Voodoo Lounge | 2 | 260 | / | 60 |
| War Mill | 1 | 205 | / | 0 |
| Tauren Totem | 4 | 540 | / | 620 |
| Stronghold | 1 | 315 | / | 190 |
| Fortress | 1 | 325 | / | 190 |
| total: | 21 | 3085g | / | 1420w |
| 0:05 | Peon |
| 0:05 | Peon |
| 0:05 | Peon |
| 0:11 | Altar of Storms |
| 0:20 | Orc Burrow |
| 0:59 | Peon |
| 0:59 | Peon |
| 1:08 | Peon |
| 1:40 | Peon |
| 2:01 | Barracks |
| 2:18 | Wind Walk |
| 2:26 | Orc Burrow |
| 2:35 | Voodoo Lounge |
| 2:50 | War Mill |
| 3:08 | Grunt |
| 3:26 | Orc Burrow |
| 3:42 | Healing Salve |
| 4:15 | Stronghold |
| 4:22 | Grunt |
| 4:42 | Critical Strike |
| 4:47 | Lesser Clarity Potion |
| 4:48 | Healing Salve |
| 5:21 | Grunt |
| 5:31 | Steel Armor |
| 5:52 | Watch Tower |
| 5:53 | Watch Tower |
| 6:55 | Tauren Totem |
| 6:56 | Tauren Totem |
| 7:20 | Wind Walk |
| 7:25 | Fortress |
| 7:28 | Spiked Barricades |
| 7:29 | Steel Melee Weapons |
| 7:30 | Reinforced Defenses |
| 7:42 | Grunt |
| 7:45 | Healing Salve |
| 8:16 | Grunt |
| 8:27 | Watch Tower |
| 9:30 | Voodoo Lounge |
| 9:42 | Watch Tower |
| 9:59 | Orb of Lightning |
| 10:34 | Endurance Aura |
| 10:56 | Pulverize |
| 11:01 | Orc Burrow |
| 11:04 | Orc Burrow |
| 12:14 | Tauren |
| 12:22 | Orc Burrow |
| 13:06 | Tauren |
| 13:11 | Tauren |
| 13:22 | Orc Burrow |
| 14:03 | War Stomp |
| 14:28 | Potion of Mana |
| 14:46 | Tauren |
| 14:52 | Scroll of Town Portal |
| 15:05 | Healing Salve |
| 15:11 | Potion of Mana |
| 15:33 | Thorium Melee Weapons |
| 16:19 | Orc Burrow |
| 16:56 | Critical Strike |
| 17:01 | Forest Troll Berserker |
| 17:11 | Endurance Aura |
| 18:24 | Tauren |
| 18:25 | Tauren |
| 18:31 | Tauren Totem |
| 18:36 | War Stomp |
| 18:58 | Critical Strike |
| 19:16 | Tauren |
| 19:19 | Thorium Armor |
| 20:45 | Tauren Totem |
| 21:57 | Scroll of Town Portal |
| 21:59 | Circlet of Nobility |
| 22:02 | Potion of Lesser Invulnerability |
| 23:06 | War Stomp |
| 23:14 | Tauren |
| 23:14 | Tauren |
| Right click | 598 |
| Select group | 388 |
| Select | 252 |
| Build/train/purchase | 86 |
| Chat | 28 |
| Assign group | 17 |
| Use ability | 14 |
| Item give/drop | 6 |
| Remove unit | 3 |
| Minimap ping | 3 |



| Orb of Lightning | 2 | 750 |
| Lesser Clarity Potion | 1 | 70 |
| Healing Salve | 1 | 100 |
| Scroll of Speed | 1 | 50 |
| Scroll of Town Portal | 4 | 1400 |
| total: | 9 | 2370g |
| Peon | 11 | 825 | / | 0 |
| Troll Headhunter | 7 | 980 | / | 140 |
| Troll Berserker | 12 | 1680 | / | 240 |
| Tauren | 3 | 840 | / | 240 |
| Troll Witch Doctor | 8 | 1160 | / | 200 |
| Troll Batrider | 14 | 2240 | / | 560 |
| Goblin Shredder | 1 | 375 | / | 100 |
| total: | 56 | 8100g | / | 1480w |
| Watch Tower | 3 | 330 | / | 240 |
| Altar of Storms | 2 | 360 | / | 100 |
| Orc Burrow | 7 | 1120 | / | 280 |
| War Mill | 1 | 205 | / | 0 |
| Barracks | 1 | 180 | / | 50 |
| Voodoo Lounge | 1 | 130 | / | 30 |
| Great Hall | 2 | 770 | / | 370 |
| Spirit Lodge | 1 | 150 | / | 150 |
| Tauren Totem | 1 | 135 | / | 155 |
| Beastiary | 3 | 435 | / | 420 |
| Stronghold | 1 | 315 | / | 190 |
| Fortress | 1 | 325 | / | 190 |
| total: | 22 | 3815g | / | 1795w |
| 0:10 | Peon |
| 0:10 | Peon |
| 0:10 | Peon |
| 0:10 | Peon |
| 0:10 | Peon |
| 0:27 | Altar of Storms |
| 0:37 | Orc Burrow |
| 0:55 | War Mill |
| 1:13 | Barracks |
| 1:21 | Peon |
| 1:52 | Orc Burrow |
| 1:53 | Peon |
| 1:53 | Peon |
| 2:20 | Troll Headhunter |
| 2:20 | Troll Headhunter |
| 2:27 | Feral Spirit |
| 2:36 | Troll Headhunter |
| 3:09 | Stronghold |
| 3:16 | Voodoo Lounge |
| 3:24 | Troll Headhunter |
| 3:42 | Chain Lighting |
| 3:42 | Troll Headhunter |
| 3:56 | Troll Headhunter |
| 4:34 | Great Hall |
| 4:50 | Orc Burrow |
| 5:04 | Feral Spirit |
| 5:17 | Troll Headhunter |
| 5:26 | Orc Burrow |
| 6:03 | Breath of Fire |
| 6:42 | Spirit Lodge |
| 6:45 | Goblin Shredder |
| 6:59 | Peon |
| 7:00 | Peon |
| 7:00 | Peon |
| 7:10 | Orc Burrow |
| 7:30 | Scroll of Town Portal |
| 7:41 | Drunken Brawler |
| 8:01 | Fortress |
| 8:16 | Witch Doctor Adept Training |
| 8:22 | Tauren Totem |
| 8:24 | Troll Regeneration |
| 8:26 | Reinforced Defenses |
| 8:46 | Chain Lighting |
| 10:40 | Berserker Upgrade |
| 10:44 | Witch Doctor Master Training |
| 11:08 | Beastiary |
| 11:10 | Beastiary |
| 11:15 | Orb of Lightning |
| 11:16 | Lesser Clarity Potion |
| 11:16 | Healing Salve |
| 11:36 | Troll Berserker |
| 11:37 | Troll Berserker |
| 11:37 | Troll Berserker |
| 11:38 | Steel Ranged Weapons |
| 11:43 | Orc Burrow |
| 11:57 | Tauren |
| 12:12 | Beastiary |
| 12:14 | Troll Witch Doctor |
| 12:14 | Troll Witch Doctor |
| 12:15 | Troll Berserker |
| 12:21 | Howl of Terror |
| 12:22 | Troll Batrider |
| 12:22 | Troll Batrider |
| 12:22 | Troll Batrider |
| 12:32 | Orc Burrow |
| 12:45 | Thorium Ranged Weapons |
| 12:45 | Steel Armor |
| 12:46 | Troll Berserker |
| 12:46 | Troll Berserker |
| 12:47 | Troll Witch Doctor |
| 13:35 | Breath of Fire |
| 14:03 | Cleaving Attack |
| 14:19 | Troll Batrider |
| 14:19 | Troll Batrider |
| 14:19 | Troll Batrider |
| 14:31 | Troll Witch Doctor |
| 14:32 | Scroll of Town Portal |
| 14:32 | Scroll of Speed |
| 14:34 | Orb of Lightning |
| 14:39 | Troll Berserker |
| 14:39 | Troll Berserker |
| 14:39 | Troll Berserker |
| 15:39 | Liquid Fire |
| 15:40 | Troll Batrider |
| 16:48 | Altar of Storms |
| 16:49 | Troll Witch Doctor |
| 16:49 | Troll Witch Doctor |
| 16:50 | Troll Berserker |
| 16:50 | Troll Berserker |
| 16:50 | Troll Berserker |
| 16:51 | Troll Batrider |
| 16:51 | Troll Batrider |
| 17:03 | Scroll of Town Portal |
| 18:01 | Chain Lighting |
| 18:13 | Howl of Terror |
| 18:23 | Great Hall |
| 19:01 | Watch Tower |
| 19:02 | Thorium Armor |
| 19:05 | Troll Batrider |
| 19:33 | Scroll of Town Portal |
| 20:07 | Watch Tower |
| 20:52 | Tauren |
| 20:52 | Tauren |
| 20:53 | Pulverize |
| 20:57 | Troll Witch Doctor |
| 20:57 | Troll Witch Doctor |
| 20:58 | Troll Batrider |
| 21:16 | Watch Tower |
| 21:26 | Arcanite Armor |
| 21:29 | Troll Batrider |
| 22:48 | Drunken Brawler |
| 22:53 | Cleaving Attack |
| 23:20 | Earth Quake |
| 23:33 | Troll Batrider |
| 23:33 | Troll Batrider |
| 23:34 | Arcanite Ranged Weapons |
| Right click | 557 |
| Select | 444 |
| Build/train/purchase | 129 |
| Chat | 99 |
| Misc. action | 55 |
| Use ability | 46 |
| Select group | 18 |
| Minimap ping | 12 |
| Assign group | 7 |
| Item give/drop | 5 |
| Remove unit | 4 |


| Rod of Necromancy | 2 | 300 |
| Potion of Healing | 1 | 150 |
| Orb of Corruption | 1 | 375 |
| Lesser Clarity Potion | 2 | 140 |
| Scroll of Town Portal | 2 | 700 |
| Scroll of Healing | 1 | 250 |
| Potion of Lesser Invulnerability | 1 | 150 |
| Orb of Lightning | 1 | 375 |
| total: | 11 | 2440g |
| Acolyte | 7 | 525 | / | 0 |
| Ghoul | 3 | 360 | / | 0 |
| Crypt Fiend | 15 | 3225 | / | 600 |
| Obsidian Statue | 9 | 1800 | / | 315 |
| Abomination | 1 | 240 | / | 70 |
| total: | 35 | 6150g | / | 985w |
| Nerubian Tower | 2 | 200 | / | 40 |
| Spirit Tower | 2 | 290 | / | 80 |
| Crypt | 1 | 200 | / | 50 |
| Graveyard | 1 | 215 | / | 0 |
| Altar of Darkness | 2 | 360 | / | 100 |
| Ziggurat | 7 | 1050 | / | 350 |
| Tomb of Relics | 1 | 130 | / | 30 |
| Necropolis | 1 | 225 | / | 0 |
| Slaughterhouse | 2 | 280 | / | 270 |
| Halls of the Dead | 2 | 640 | / | 420 |
| Black Citadel | 1 | 325 | / | 230 |
| total: | 15 | 2460g | / | 800w |
| 0:03 | Acolyte |
| 0:03 | Acolyte |
| 0:07 | Crypt |
| 0:37 | Graveyard |
| 0:49 | Altar of Darkness |
| 0:52 | Altar of Darkness |
| 0:59 | Ziggurat |
| 1:10 | Ghoul |
| 1:25 | Tomb of Relics |
| 1:50 | Ghoul |
| 1:54 | Ziggurat |
| 2:15 | Crypt Fiend |
| 2:38 | Crypt Fiend |
| 2:50 | Rod of Necromancy |
| 2:54 | Death Coil |
| 3:20 | Crypt Fiend |
| 3:22 | Halls of the Dead |
| 3:48 | Crypt Fiend |
| 4:03 | Unholy Aura |
| 4:24 | Crypt Fiend |
| 4:28 | Ghoul |
| 4:32 | Rod of Necromancy |
| 4:52 | Crypt Fiend |
| 5:00 | Ziggurat |
| 5:54 | Crypt Fiend |
| 5:55 | Acolyte |
| 6:02 | Death Coil |
| 6:09 | Acolyte |
| 6:31 | Slaughterhouse |
| 7:02 | Frost Nova |
| 7:09 | Black Citadel |
| 7:14 | Necropolis |
| 7:16 | Ziggurat |
| 8:07 | Ziggurat |
| 8:19 | Potion of Healing |
| 8:25 | Crypt Fiend |
| 8:29 | Ziggurat |
| 8:31 | Creature Attack |
| 8:36 | Slaughterhouse |
| 9:03 | Web |
| 9:05 | Obsidian Statue |
| 9:14 | Acolyte |
| 9:14 | Acolyte |
| 9:14 | Acolyte |
| 9:16 | Ziggurat |
| 9:44 | Destroyer Form |
| 9:55 | Abomination |
| 10:02 | Obsidian Statue |
| 10:27 | Nerubian Tower |
| 10:28 | Crypt Fiend |
| 10:29 | Obsidian Statue |
| 10:38 | Death Pact |
| 10:42 | Frost Armor |
| 10:53 | Obsidian Statue |
| 11:25 | Improved Creature Attack |
| 12:13 | Crypt Fiend |
| 12:15 | Creature Carapace |
| 12:34 | Scroll of Town Portal |
| 12:42 | Orb of Corruption |
| 12:44 | Scroll of Healing |
| 12:47 | Crypt Fiend |
| 13:04 | Spirit Tower |
| 13:15 | Potion of Lesser Invulnerability |
| 14:16 | Orb of Lightning |
| 14:31 | Crypt Fiend |
| 14:32 | Obsidian Statue |
| 14:43 | Frost Nova |
| 14:49 | Lesser Clarity Potion |
| 14:49 | Lesser Clarity Potion |
| 15:01 | Improved Creature Carapace |
| 15:15 | Obsidian Statue |
| 16:02 | Obsidian Statue |
| 16:24 | Obsidian Statue |
| 17:10 | Death Coil |
| 17:24 | Crypt Fiend |
| 18:20 | Frost Armor |
| 19:48 | Scroll of Town Portal |
| 20:34 | Crypt Fiend |
| 20:37 | Frost Nova |
| 21:08 | Obsidian Statue |
| 21:10 | Advanced Creature Carapace |
| 21:10 | Advanced Creature Attack |
| 21:31 | Crypt Fiend |
| 23:01 | Animate Dead |
| Right click | 1388 |
| Select group | 1117 |
| Select | 515 |
| Misc. action | 168 |
| Build/train/purchase | 132 |
| Use ability | 88 |
| Assign group | 47 |
| Item give/drop | 6 |
| Minimap ping | 5 |
| Resource trade | 5 |
| Remove unit | 4 |
231 units @ 28.7k
/ 3.2k
89 buildings @ 11.8k
/ 4.7k


| Potion of Healing | 3 | 450 |
| Scroll of Town Portal | 1 | 350 |
| Healing Salve | 2 | 200 |
| total: | 6 | 1000g |
| Wisp | 12 | 720 | / | 0 |
| Archer | 10 | 1300 | / | 100 |
| Hippogryph | 14 | 2240 | / | 280 |
| Chimaera | 4 | 1320 | / | 280 |
| total: | 40 | 5580g | / | 660w |
| Altar of Elders | 1 | 180 | / | 50 |
| Moon Well | 5 | 900 | / | 200 |
| Ancient of War | 1 | 150 | / | 60 |
| Hunter's Hall | 1 | 210 | / | 100 |
| Ancient of Wonders | 1 | 90 | / | 30 |
| Ancient of Wind | 2 | 300 | / | 280 |
| Chimaera Roost | 2 | 280 | / | 380 |
| Tree of Ages | 1 | 320 | / | 180 |
| Tree of Eternity | 1 | 330 | / | 200 |
| total: | 13 | 2110g | / | 1100w |
| 0:03 | Wisp |
| 0:03 | Wisp |
| 0:03 | Wisp |
| 0:11 | Altar of Elders |
| 0:19 | Moon Well |
| 0:39 | Wisp |
| 0:49 | Ancient of War |
| 0:51 | Wisp |
| 1:03 | Wisp |
| 1:18 | Moon Well |
| 1:24 | Wisp |
| 1:34 | Wisp |
| 1:50 | Archer |
| 1:56 | Wisp |
| 1:58 | Archer |
| 2:17 | Archer |
| 2:23 | Fan of Knives |
| 2:25 | Wisp |
| 2:45 | Archer |
| 2:51 | Hunter's Hall |
| 3:37 | Tree of Ages |
| 3:42 | Moon Well |
| 4:22 | Ancient of Wonders |
| 4:44 | Strength of the Moon |
| 4:58 | Blink |
| 5:04 | Archer |
| 6:06 | Moon Armor |
| 6:10 | Ancient of Wind |
| 6:17 | Ancient of Wind |
| 6:34 | Improved Bows |
| 6:37 | Archer |
| 6:42 | Moon Well |
| 7:23 | Searing Arrows |
| 7:28 | Improved Moon Armor |
| 7:29 | Hippogryph |
| 7:30 | Hippogryph |
| 7:32 | Hippogryph |
| 7:33 | Hippogryph |
| 7:55 | Moon Well |
| 8:34 | Fan of Knives |
| 9:23 | Hippogryph |
| 9:25 | Hippogryph |
| 9:27 | Strength of the Wild |
| 10:27 | Archer |
| 10:34 | Hippogryph |
| 10:35 | Reinforced Hides |
| 10:50 | Healing Salve |
| 10:50 | Potion of Healing |
| 11:39 | Improved Strength of the Moon |
| 11:40 | Hippogryph |
| 11:42 | Tree of Eternity |
| 11:46 | Hippogryph |
| 12:04 | Healing Salve |
| 12:05 | Potion of Healing |
| 13:06 | Scroll of Town Portal |
| 13:07 | Potion of Healing |
| 13:15 | Improved Reinforced Hides |
| 13:20 | Archer |
| 14:23 | Trueshot Aura |
| 14:45 | Hippogryph |
| 14:48 | Well Spring |
| 14:50 | Marksmanship |
| 14:50 | Archer |
| 14:54 | Wisp |
| 14:54 | Wisp |
| 15:00 | Chimaera Roost |
| 15:04 | Chimaera Roost |
| 16:42 | Improved Strength of the Wild |
| 17:48 | Hippogryph |
| 17:50 | Chimaera |
| 17:53 | Chimaera |
| 18:18 | Advanced Strength of the Wild |
| 18:21 | Corrosive Breath |
| 18:26 | Chimaera |
| 19:52 | Hippogryph |
| 20:49 | Hippogryph |
| 20:51 | Advanced Reinforced Hides |
| 21:08 | Chimaera |
| 21:10 | Archer |
| 21:31 | Hippogryph |
| Select group | 298 |
| Right click | 279 |
| Select | 208 |
| Build/train/purchase | 91 |
| Assign group | 31 |
| Use ability | 17 |
| Minimap ping | 2 |

| Healing Salve | 3 | 300 |
| Potion of Healing | 2 | 300 |
| Scroll of Speed | 1 | 50 |
| Orb of Lightning | 1 | 375 |
| Lesser Clarity Potion | 1 | 70 |
| Tiny Great Hall | 1 | 600 |
| Scroll of Town Portal | 2 | 700 |
| Circlet of Nobility | 1 | 175 |
| Staff of Teleportation | 1 | 150 |
| Scroll of Regeneration | 1 | 100 |
| total: | 14 | 2820g |
| Peon | 20 | 1500 | / | 0 |
| Troll Headhunter | 7 | 980 | / | 140 |
| Kodo Beast | 2 | 510 | / | 120 |
| Shaman | 5 | 650 | / | 100 |
| Troll Berserker | 16 | 2240 | / | 320 |
| total: | 50 | 5880g | / | 680w |
| War Mill | 2 | 410 | / | 0 |
| Barracks | 4 | 720 | / | 200 |
| Orc Burrow | 10 | 1600 | / | 400 |
| Voodoo Lounge | 1 | 130 | / | 30 |
| Altar of Storms | 1 | 180 | / | 50 |
| Spirit Lodge | 1 | 150 | / | 150 |
| Beastiary | 1 | 145 | / | 140 |
| Stronghold | 1 | 315 | / | 190 |
| Fortress | 1 | 325 | / | 190 |
| total: | 20 | 3335g | / | 970w |
| 0:05 | Peon |
| 0:05 | Peon |
| 0:09 | War Mill |
| 0:12 | Barracks |
| 0:23 | Peon |
| 0:37 | Peon |
| 0:52 | Orc Burrow |
| 0:59 | Peon |
| 1:13 | Voodoo Lounge |
| 1:19 | Peon |
| 1:36 | Altar of Storms |
| 1:43 | Peon |
| 2:07 | Peon |
| 2:08 | Troll Headhunter |
| 2:24 | Peon |
| 2:28 | Troll Headhunter |
| 2:47 | Stronghold |
| 2:53 | Acid Bomb |
| 3:07 | Orc Burrow |
| 3:43 | Healing Salve |
| 3:50 | Steel Armor |
| 4:00 | Troll Headhunter |
| 4:01 | Troll Headhunter |
| 4:01 | Troll Headhunter |
| 4:17 | Steel Ranged Weapons |
| 4:29 | Orc Burrow |
| 4:33 | Orc Burrow |
| 4:47 | Circlet of Nobility |
| 5:08 | Troll Headhunter |
| 5:25 | Chemical Rage |
| 5:50 | Troll Regeneration |
| 5:51 | Fortress |
| 6:13 | Spirit Lodge |
| 6:16 | Beastiary |
| 6:33 | Orc Burrow |
| 6:35 | Reinforced Defenses |
| 7:02 | Thorium Ranged Weapons |
| 7:24 | Troll Headhunter |
| 7:27 | Kodo Beast |
| 7:44 | Shaman |
| 7:46 | Shaman Adept Training |
| 8:13 | War Drums Damage Increase |
| 8:21 | Berserker Upgrade |
| 8:34 | Acid Bomb |
| 9:27 | Potion of Healing |
| 9:28 | Scroll of Speed |
| 9:34 | Troll Berserker |
| 9:34 | Troll Berserker |
| 10:02 | Shaman |
| 10:20 | Orb of Lightning |
| 10:33 | Chemical Rage |
| 10:48 | Troll Berserker |
| 10:48 | Troll Berserker |
| 10:49 | Troll Berserker |
| 10:49 | Troll Berserker |
| 10:57 | Healing Salve |
| 11:31 | Shaman Master Training |
| 11:31 | Shaman |
| 11:40 | Scroll of Town Portal |
| 12:14 | Kodo Beast |
| 12:45 | Shaman |
| 12:46 | Troll Berserker |
| 12:49 | Arcanite Ranged Weapons |
| 12:57 | Witch Doctor Adept Training |
| 14:16 | Shaman |
| 14:16 | Troll Berserker |
| 14:28 | Healing Salve |
| 14:30 | Lesser Clarity Potion |
| 14:34 | Scroll of Town Portal |
| 14:51 | Tiny Great Hall |
| 14:59 | Troll Berserker |
| 15:40 | Potion of Healing |
| 15:42 | Scroll of Regeneration |
| 15:49 | Troll Berserker |
| 16:56 | Peon |
| 17:05 | Peon |
| 17:34 | Barracks |
| 17:37 | Peon |
| 17:37 | Peon |
| 17:37 | Peon |
| 17:52 | Staff of Teleportation |
| 18:13 | Chemical Rage |
| 18:55 | Troll Berserker |
| 18:55 | Troll Berserker |
| 19:05 | Barracks |
| 19:13 | Barracks |
| 19:17 | Peon |
| 19:17 | Peon |
| 19:19 | Troll Berserker |
| 19:40 | Troll Berserker |
| 19:59 | Orc Burrow |
| 20:00 | Orc Burrow |
| 20:00 | Orc Burrow |
| 20:03 | Orc Burrow |
| 20:05 | Orc Burrow |
| 20:07 | Peon |
| 20:08 | Peon |
| 20:08 | Peon |
| 20:08 | Peon |
| 21:06 | War Mill |
| 22:18 | Troll Berserker |
| 22:19 | Troll Berserker |
| Right click | 1273 |
| Select group | 474 |
| Select | 304 |
| Assign group | 138 |
| Build/train/purchase | 115 |
| Use ability | 52 |
| Minimap ping | 23 |
| Chat | 11 |
| Misc. action | 10 |
| Item give/drop | 3 |
| Remove unit | 2 |
| Esc | 1 |


| Healing Salve | 4 | 400 |
| Lesser Clarity Potion | 4 | 280 |
| Orb of Lightning | 1 | 375 |
| Scroll of Town Portal | 3 | 1050 |
| total: | 12 | 2105g |
| Peon | 11 | 825 | / | 0 |
| Troll Headhunter | 9 | 1260 | / | 180 |
| Shaman | 12 | 1560 | / | 240 |
| Troll Berserker | 23 | 3220 | / | 460 |
| Goblin Shredder | 1 | 375 | / | 100 |
| total: | 56 | 7240g | / | 980w |
| Watch Tower | 3 | 330 | / | 240 |
| Orc Burrow | 7 | 1120 | / | 280 |
| Altar of Storms | 1 | 180 | / | 50 |
| War Mill | 1 | 205 | / | 0 |
| Barracks | 2 | 360 | / | 100 |
| Voodoo Lounge | 1 | 130 | / | 30 |
| Great Hall | 1 | 385 | / | 185 |
| Spirit Lodge | 1 | 150 | / | 150 |
| Stronghold | 1 | 315 | / | 190 |
| Fortress | 1 | 325 | / | 190 |
| total: | 17 | 2860g | / | 1035w |
| 0:02 | Peon |
| 0:02 | Peon |
| 0:06 | Orc Burrow |
| 0:08 | Altar of Storms |
| 0:27 | Peon |
| 0:27 | Peon |
| 0:49 | War Mill |
| 1:09 | Peon |
| 1:14 | Barracks |
| 1:26 | Peon |
| 1:27 | Peon |
| 1:46 | Orc Burrow |
| 2:03 | Peon |
| 2:07 | War Stomp |
| 2:17 | Troll Headhunter |
| 2:23 | Voodoo Lounge |
| 2:33 | Troll Headhunter |
| 2:48 | Troll Headhunter |
| 3:00 | Peon |
| 3:19 | Troll Headhunter |
| 3:31 | Troll Headhunter |
| 3:35 | Troll Headhunter |
| 3:54 | Orc Burrow |
| 4:31 | Endurance Aura |
| 4:38 | Great Hall |
| 4:43 | Healing Salve |
| 4:43 | Lesser Clarity Potion |
| 5:21 | Goblin Shredder |
| 5:48 | Stronghold |
| 6:13 | Steel Ranged Weapons |
| 6:14 | Steel Armor |
| 6:18 | War Stomp |
| 7:06 | Peon |
| 7:06 | Peon |
| 7:09 | Watch Tower |
| 7:10 | Watch Tower |
| 7:11 | Watch Tower |
| 8:09 | Fortress |
| 8:10 | Reinforced Defenses |
| 8:32 | Troll Regeneration |
| 8:34 | Spirit Lodge |
| 8:39 | Barracks |
| 9:12 | Troll Headhunter |
| 9:12 | Troll Headhunter |
| 9:13 | Thorium Ranged Weapons |
| 9:36 | Healing Wave |
| 9:43 | Orc Burrow |
| 9:48 | Shaman Adept Training |
| 9:51 | Orc Burrow |
| 9:53 | Orc Burrow |
| 9:53 | Orc Burrow |
| 9:58 | Thorium Armor |
| 10:20 | Troll Headhunter |
| 10:41 | Berserker Upgrade |
| 10:46 | Arcanite Ranged Weapons |
| 10:53 | Shaman Master Training |
| 10:53 | Shaman |
| 10:53 | Shaman |
| 10:54 | Shaman |
| 11:36 | Troll Berserker |
| 11:44 | Arcanite Armor |
| 12:19 | Endurance Aura |
| 12:22 | Hex |
| 12:57 | Troll Berserker |
| 12:57 | Troll Berserker |
| 14:00 | Troll Berserker |
| 14:00 | Troll Berserker |
| 14:00 | Troll Berserker |
| 14:01 | Shaman |
| 14:01 | Shaman |
| 14:01 | Shaman |
| 14:38 | Troll Berserker |
| 14:38 | Troll Berserker |
| 14:58 | Lesser Clarity Potion |
| 15:00 | Orb of Lightning |
| 16:31 | Healing Wave |
| 16:47 | Scroll of Town Portal |
| 16:47 | Healing Salve |
| 16:52 | Troll Berserker |
| 16:52 | Troll Berserker |
| 17:03 | Shaman |
| 17:04 | Shaman |
| 17:04 | Shaman |
| 17:39 | War Stomp |
| 18:16 | Troll Berserker |
| 18:16 | Troll Berserker |
| 18:16 | Troll Berserker |
| 18:33 | Scroll of Town Portal |
| 18:33 | Lesser Clarity Potion |
| 18:38 | Hex |
| 18:40 | Lesser Clarity Potion |
| 18:40 | Healing Salve |
| 18:43 | Troll Berserker |
| 18:43 | Troll Berserker |
| 19:54 | Troll Berserker |
| 19:54 | Troll Berserker |
| 20:33 | Shaman |
| 20:33 | Shaman |
| 20:34 | Shaman |
| 20:36 | Troll Berserker |
| 20:36 | Troll Berserker |
| 20:53 | Scroll of Town Portal |
| 20:54 | Healing Salve |
| 21:08 | Troll Berserker |
| 21:55 | Troll Berserker |
| 22:18 | Troll Berserker |
| 22:18 | Troll Berserker |
| Right click | 1062 |
| Select | 477 |
| Build/train/purchase | 128 |
| Use ability | 35 |
| Minimap ping | 15 |
| Resource trade | 9 |
| Chat | 4 |


| Lesser Clarity Potion | 1 | 70 |
| Scroll of Regeneration | 2 | 200 |
| Scroll of Town Portal | 4 | 1400 |
| Boots of Speed | 1 | 250 |
| Circlet of Nobility | 1 | 175 |
| total: | 9 | 2095g |
| Peasant | 21 | 1575 | / | 0 |
| Footman | 31 | 4185 | / | 0 |
| Rifleman | 2 | 410 | / | 60 |
| Priest | 12 | 1620 | / | 120 |
| Flying Machine | 15 | 1500 | / | 450 |
| Mortar Team | 4 | 720 | / | 280 |
| total: | 85 | 10010g | / | 910w |
| Scout Tower | 16 | 480 | / | 320 |
| Guard Tower | 4 | 280 | / | 200 |
| Altar of Kings | 1 | 180 | / | 50 |
| Farm | 12 | 960 | / | 240 |
| Barracks | 1 | 160 | / | 60 |
| Arcane Vault | 2 | 260 | / | 60 |
| Town Hall | 2 | 770 | / | 410 |
| Lumber Mill | 1 | 120 | / | 0 |
| Blacksmith | 1 | 140 | / | 60 |
| Arcane Sanctum | 2 | 300 | / | 280 |
| Workshop | 1 | 140 | / | 140 |
| Keep | 1 | 320 | / | 210 |
| Castle | 2 | 720 | / | 420 |
| total: | 39 | 3510g | / | 1620w |
| 0:03 | Peasant |
| 0:04 | Altar of Kings |
| 0:19 | Farm |
| 0:20 | Peasant |
| 0:34 | Peasant |
| 0:37 | Barracks |
| 0:45 | Farm |
| 0:49 | Peasant |
| 0:58 | Peasant |
| 1:06 | Peasant |
| 1:26 | Farm |
| 1:31 | Peasant |
| 1:37 | Footman |
| 1:42 | Arcane Vault |
| 1:47 | Arcane Vault |
| 1:55 | Footman |
| 2:06 | Summon Water Elemental |
| 2:17 | Footman |
| 2:35 | Footman |
| 2:37 | Peasant |
| 2:59 | Brilliance Aura |
| 3:06 | Peasant |
| 3:06 | Peasant |
| 3:08 | Peasant |
| 3:15 | Footman |
| 3:19 | Farm |
| 3:23 | Peasant |
| 3:33 | Footman |
| 4:00 | Town Hall |
| 4:11 | Lumber Mill |
| 4:16 | Footman |
| 4:38 | Farm |
| 4:41 | Farm |
| 4:48 | Boots of Speed |
| 5:02 | Footman |
| 5:09 | Peasant |
| 5:37 | Footman |
| 5:42 | Improved Lumber Harvesting |
| 6:02 | Defend |
| 6:10 | Brilliance Aura |
| 6:24 | Circlet of Nobility |
| 6:34 | Blacksmith |
| 6:36 | Keep |
| 7:31 | Scout Tower |
| 7:32 | Scout Tower |
| 7:32 | Scout Tower |
| 7:33 | Scout Tower |
| 7:33 | Scout Tower |
| 7:38 | Scout Tower |
| 7:58 | Footman |
| 7:58 | Footman |
| 7:59 | Footman |
| 7:59 | Footman |
| 8:01 | Guard Tower |
| 8:02 | Guard Tower |
| 8:14 | Guard Tower |
| 8:23 | Footman |
| 8:23 | Footman |
| 8:23 | Footman |
| 8:23 | Footman |
| 8:32 | Guard Tower |
| 9:06 | Rifleman |
| 9:06 | Rifleman |
| 9:19 | Footman |
| 9:27 | Peasant |
| 9:27 | Peasant |
| 9:27 | Peasant |
| 9:27 | Peasant |
| 9:33 | Arcane Sanctum |
| 9:35 | Workshop |
| 9:37 | Arcane Sanctum |
| 9:39 | Castle |
| 9:47 | Scout Tower |
| 9:48 | Scout Tower |
| 9:48 | Scout Tower |
| 9:50 | Scout Tower |
| 9:59 | Lesser Clarity Potion |
| 10:00 | Scroll of Regeneration |
| 10:06 | Footman |
| 10:13 | Iron Forged Swords |
| 10:13 | Iron Plating |
| 10:40 | Flame Strike |
| 11:07 | Priest |
| 11:07 | Priest |
| 11:07 | Priest |
| 11:07 | Priest |
| 11:09 | Flak Cannons |
| 11:29 | Peasant |
| 11:29 | Peasant |
| 11:30 | Peasant |
| 11:30 | Peasant |
| 11:32 | Advanced Lumber Harvesting |
| 11:33 | Scroll of Regeneration |
| 11:38 | Scroll of Town Portal |
| 11:46 | Priest Adept Training |
| 11:47 | Flying Machine |
| 12:00 | Footman |
| 12:03 | Steel Forged Swords |
| 12:27 | Priest |
| 12:27 | Priest |
| 12:27 | Priest |
| 12:28 | Priest |
| 12:47 | Blizzard |
| 12:54 | Priest |
| 12:54 | Priest |
| 12:54 | Priest |
| 12:56 | Farm |
| 12:56 | Farm |
| 12:57 | Farm |
| 12:59 | Farm |
| 13:00 | Farm |
| 13:00 | Farm |
| 13:11 | Flying Machine |
| 13:50 | Siphon Mana |
| 14:13 | Footman |
| 14:13 | Footman |
| 14:13 | Footman |
| 14:14 | Footman |
| 14:14 | Footman |
| 14:15 | Priest |
| 14:18 | Castle |
| 14:20 | Flying Machine |
| 14:21 | Flying Machine |
| 14:21 | Flying Machine |
| 14:32 | Scroll of Town Portal |
| 14:49 | Footman |
| 15:12 | Footman |
| 15:14 | Mithril Forged Swords |
| 15:14 | Steel Plating |
| 15:24 | Footman |
| 15:33 | Flying Machine |
| 15:33 | Flying Machine |
| 16:21 | Footman |
| 16:21 | Footman |
| 16:38 | Footman |
| 16:41 | Priest Master Training |
| 16:43 | Flying Machine Bombs |
| 16:44 | Flying Machine |
| 16:44 | Flying Machine |
| 16:44 | Flying Machine |
| 17:50 | Town Hall |
| 17:54 | Flying Machine |
| 18:44 | Flying Machine |
| 18:44 | Flying Machine |
| 18:45 | Flying Machine |
| 19:12 | Flying Machine |
| 19:46 | Scroll of Town Portal |
| 20:42 | Mortar Team |
| 20:42 | Mortar Team |
| 20:42 | Mortar Team |
| 20:43 | Mortar Team |
| 20:56 | Scroll of Town Portal |
| 21:21 | Fragmentation Shards |
| 21:25 | Scout Tower |
| 21:26 | Scout Tower |
| 21:27 | Scout Tower |
| 21:28 | Scout Tower |
| 21:31 | Scout Tower |
| 21:33 | Scout Tower |
| Select group | 1471 |
| Right click | 1185 |
| Select | 352 |
| Build/train/purchase | 185 |
| Assign group | 63 |
| Misc. action | 62 |
| Use ability | 25 |
| Esc | 20 |
| Minimap ping | 4 |
| Item give/drop | 1 |
⇛